 Dungeon Crawl Stone Soup version 0.30-b1-2-g02819fbbbe (webtiles) character file.

Game seed: 5896944063334168796

23 Dirian the Trooper (level 2, 0/27 HPs)
             Began as a Minotaur Berserker on May 8, 2023.
             Was a Follower of Trog.
             Frozen to death by an endoplasm (4 damage)
             ... on level 1 of the Dungeon.
             The game lasted 00:01:53 (718 turns).

Dirian the Trooper (Minotaur Berserker)              Turns: 718, Time: 00:01:53

Health: 0/27       AC:  4    Str: 21    XL:     2   Next: 72%
Magic:  1/1        EV: 11    Int:  4    God:    Trog [*.....]
Gold:   66         SH:  0    Dex:  9    Spells: 1/1 levels left

rFire   . . .        c - +0 long sword
rCold   . . .        (no shield)
rNeg    . . .        f - +0 leather armour
rPois   .            (helmet restricted)
rElec   .            e - +0 cloak
rCorr   .            (no gloves)
SInv    .            (no boots)
Will    .....        (no amulet)
Stlth   +            (no ring)
HPRegen 0.24/turn    (no ring)
MPRegen 0.07/turn

%: no passive effects
@: no status effects
A: horns 2, retaliatory headbutt
a: Renounce Religion, Berserk


You were on level 1 of the Dungeon.
You worshipped Trog.
Trog was aware of your devotion.
You visited 1 branch of the dungeon, and saw 1 of its levels.

You collected 66 gold pieces.

Inventory:

Hand Weapons
 c - a +0 long sword (weapon)
 g - a +0 sling
Armour
 e - a +0 cloak (worn)
 f - a +0 leather armour (worn)
Jewellery
 a - a ring of fire
Scrolls
 i - a scroll of acquirement {unknown}
 j - 2 scrolls of fog {unknown}
Potions
 b - a potion of mutation {unknown}
 d - a potion of curing {unknown}
 h - 2 potions of degeneration {unknown}


   Skills:
 + Level 4.2 Fighting
 + Level 4.1 Long Blades
 + Level 2.6 Armour
 - Level 2.1 Dodging
 * Level 0.7 Shields


You had one spell level left.
You didn't know any spells.
Your spell library was empty.

Dungeon Overview and Level Annotations

Branches:
Dungeon (1/15) Zot: 5272

Altars:


Innate Abilities, Weirdness & Mutations

You have a pair of horns on your head.
You reflexively headbutt those who attack you in melee.


Message History

You are too injured to fight recklessly!
You are too injured to fight recklessly!
You are too injured to fight recklessly!
You are too injured to fight recklessly!
You are too injured to fight recklessly!
You are too injured to fight recklessly!
You are too injured to fight recklessly!
You are too injured to fight recklessly!
You are too injured to fight recklessly!
You are too injured to fight recklessly!
You are too injured to fight recklessly!
You are too injured to fight recklessly!
You are too injured to fight recklessly!
You are too injured to fight recklessly!
You are too injured to fight recklessly!
You hit the endoplasm.
The endoplasm is heavily wounded.
The endoplasm freezes you.
You are frozen.
You hit the endoplasm.
You headbutt the endoplasm, but do no damage.
The endoplasm is almost dead.
The endoplasm freezes you.
You are frozen.
You barely miss the endoplasm. Your headbutt misses the endoplasm.
The endoplasm is almost dead.
The endoplasm hits you.
* * * LOW HITPOINT WARNING * * *
You barely miss the endoplasm.
The endoplasm is almost dead.
Something bites the plant.
The plant begins to die.
The endoplasm freezes you.
You are frozen.
* * * LOW HITPOINT WARNING * * *
You barely miss the endoplasm.
The endoplasm is almost dead.
Something bites the plant.
The endoplasm freezes you.
You are frozen.
You die...

....♣....†..♣
..###.......# ##
#...♣.♣.♣.♣.♣ ..
###.#.##..#.# ♣. #
......###...###.#♣♣. .♣
#.#..## #.......♣..♣♣..♣
#.#..####...###♣♣$?..♣.♣
............###♣♣JP..PP
#.########......@.♣ #.#
#..#.#♣♣♣♣ ..#
##......♣♣ ###
#........♣ ## #).#####.♣
.# #........#
.########.########
.#........# #######
.#.#####..#######.....#


You could see an endoplasm.

Vanquished Creatures
  A dart slug (D:1)
  2 ball pythons (D:1)
  4 endoplasms (D:1)
  2 goblins (D:1)
  4 hobgoblins (D:1)
  A bat (D:1)
  2 frilled lizards (D:1)
  A kobold (D:1)
  2 rats (D:1)
19 creatures vanquished.

Vanquished Creatures (others)
  A plant (D:1)
1 creature vanquished.

Grand Total: 20 creatures vanquished

Notes
Turn   | Place    | Note
-------+----------+-------------------------------------------
     0 | D:1      | Dirian the Minotaur Berserker began the quest for the Orb.
     0 | D:1      | Reached XP level 1. HP: 19/19 MP: 0/0
   227 | D:1      | Reached XP level 2. HP: 20/27 MP: 1/1
   718 | D:1      | Frozen to death by an endoplasm

Illustrated notes

Levels and vault maps discovered:
D:1:      lightli_arrival_quake, layout_loops_cross, serial_forest,
          infiniplex_forest_clump_medium, infiniplex_forest_corner_1,
          infiniplex_forest_lined_room_3, infiniplex_forest_side_room,
          infiniplex_forest_clump_medium, infiniplex_forest_3_way,
          infiniplex_forest_zigzag_1, infiniplex_forest_clump_small, hex_medium

Skill      XL: |  1  2 |
---------------+-------+-----
Fighting       | 4 |  4.2
Long Blades    | 4 |  4.1
Armour         | |  2.6
Dodging        | |  2.1
Shields        | |  0.7

Action                     || total
---------------------------++-------
  Melee: Long sword        ||    37
         Falchion          ||     8
         Headbutt          ||     6
 Armour: Animal skin       ||     2
         Ring mail         ||     2
         Leather armour    ||     1
  Dodge: Dodged            ||    23
